 Dungeon Crawl Stone Soup version 0.31-a0-564-g3b7de120b3 (webtiles) character file.

Game seed: 448138840952915454

37 lunkers the Insei (level 3, -1/28 HPs)
             Began as a Meteoran Shapeshifter on Aug 17, 2023.
             Slain by a gnoll
             ... wielding a +0 flail
              (12 damage)
             ... on level 2 of the Dungeon.
             The game lasted 00:00:43 (350 turns).

lunkers the Insei (Meteoran Shapeshifter)            Turns: 350, Time: 00:00:44

Health: -1/28      AC:  2    Str: 16    XL:     3   Next: 85%
Magic:  4/4        EV: 12    Int:  9    God:
Gold:   23         SH:  0    Dex: 17    Spells: 2/2 levels left

rFire   . .          .
                       - Unarmed
rCold   . . .        (no shield)
rNeg    . . .        a - +0 animal skin
rPois   .            (helmet currently unavailable)
rElec   .            (cloak currently unavailable)
rCorr   .            (gloves currently unavailable)
SInv    .            (boots currently unavailable)
Will    .....        (no amulet)
Stlth   +            (no ring)
HPRegen 0.24/turn    (no ring)
MPRegen 0.09/turn

%: no passive effects
@: beast-form, glowing
A: beast (slay +2), sense surroundings 1, otherworldly, glowing, explore regen
a: Begin Untransformation


You were on level 2 of the Dungeon.
You were a hulking beast.
You visited 1 branch of the dungeon, and saw 2 of its levels.

You collected 23 gold pieces.

Inventory:

Armour
 a - a +0 animal skin (worn)
Talismans
 c - a beast talisman (active)
 d - a flux talisman
Wands
 g - a wand of roots (8)
Scrolls
 f - a scroll of fog {unknown}
Potions
 b - a potion of lignification
 e - a potion of haste {unknown}


   Skills:
 - Level 1.1 Fighting
 - Level 2.1 Dodging
 * Level 4.8 Unarmed Combat
 + Level 4.1 Shapeshifting


You had 2 spell levels left.
You didn't know any spells.
Your spell library was empty.

Dungeon Overview and Level Annotations

Branches:
Dungeon (2/15) Zot: 852

Altars:


Innate Abilities, Weirdness & Mutations

You are a hulking beast.
Your limbs bulge with bestial killing power. (Slay +2)
You passively map a small area around you.
You are easily found by Zot.
You glow in the dark.
You regain HP and MP as you explore.


Message History

You kill the gnoll!
Your Shapeshifting skill increases to level 4!
You have reached level 3!
Your experience leads to an increase in your attributes!
Increase (S)trength, (I)ntelligence, or (D)exterity?
You feel agile. x3
You barely miss the gnoll. The endoplasm closely misses you.
The gnoll hits you with a +0 whip.
Unknown command.
You punch the gnoll!
The gnoll is heavily wounded.
The endoplasm hits you. The gnoll barely misses you.
Unknown command.
You barely miss the gnoll.
The gnoll is heavily wounded.
The gnoll closely misses you. The endoplasm freezes you.
You are frozen.
Unknown command.
You barely miss the gnoll.
The gnoll is heavily wounded.
The endoplasm hits you but does no damage.
The gnoll misses you.
Unknown command.
You hit the gnoll.
The gnoll is severely wounded.
The endoplasm barely misses you. The gnoll closely misses you.
Unknown command.
You punch the endoplasm!
You kill the endoplasm!
Unknown command.
You hit the gnoll.
You kill the gnoll!
You completely miss the gnoll. The gnoll hits you with a +0 flail!
You hit the gnoll but do no damage. The gnoll hits you with a +0 flail.
* * * LOW HITPOINT WARNING * * *
You hit the gnoll.
The gnoll is heavily wounded.
The gnoll hits you with a +0 flail!
You die...

#### ** * #>.. , ,
.# #... , , ,,, ,..
#..# * * * #.##..#
### * , ..#.....#
#.# * .......g#
#.### *#.#h####...#
,
,,*#........#.#####
, , ,
###...#......... *
#.....###.####*
##........# < *
##†#####.##**
#####....#..##. *
**.........<.......
, ,
#.#.###.##..#[.#.


You could see a gnoll.

Vanquished Creatures
  2 gnolls (D:2)
  A dart slug (D:1)
  3 bats (D:1)
  An endoplasm (D:2)
  A giant cockroach (D:1)
  A goblin (D:1)
  A hobgoblin (D:1)
  2 quokkas (D:1)
  A ball python (D:1)
  A frilled lizard (D:2)
  A kobold (D:1)
  A rat (D:2)
16 creatures vanquished.

Notes
Turn   | Place    | Note
-------+----------+-------------------------------------------
     0 | D:1      | lunkers the Meteoran Shapeshifter began the quest for the
                  | Orb.
     0 | D:1      | Reached XP level 1. HP: 16/16 MP: 2/2
    62 | D:1      | Reached XP level 2. HP: 16/23 MP: 3/3
   341 | D:2      | Reached XP level 3. HP: 28/28 MP: 4/4
   350 | D:2      | Slain by a gnoll

Illustrated notes

Levels and vault maps discovered:
D:1:      scummos_arrival_checkerplants, layout_loops_corners
D:2:      minmay_razor_zed, layout_basic, basic_altar, serial_bayou_lake_a

Skill      XL: |  1  2 |
---------------+-------+-----
Unarmed Combat | 4 |  4.8
Shapeshifting  | 4 |  4.1
Fighting       | |  1.1
Dodging        | |  2.1

Action                     || total
---------------------------++-------
  Melee: Unarmed           ||    39
 Armour: Animal skin       ||     5
  Dodge: Dodged            ||    24

Table legend: (Time is in decaauts)
 A = Elapsed time spent in this place.
 B = Non-inter-level travel time spent in this place.
 C = Inter-level travel time spent in this place.
 D = Time resting spent in this place.
 E = Time spent auto-exploring this place.
 F = Levels seen in this place.
 G = Mean time per level.
                   A        B        C        D        E       F      G
               +--------+--------+--------+--------+--------+-----+--------+
         Total |    347 |    347 |      0 |      0 |    244 |   2 |  173.5 |
       Dungeon |    347 |    347 |      0 |      0 |    244 |   2 |  173.5 |
               +--------+--------+--------+--------+--------+-----+--------+

Top non-repeatable levels by time:
     D:1: 316 daAuts
     D:2: 30 daAuts
